Workbook

Sheet Income statements
B2: Northern Travel plc 5-years income statements 2018-2022
D3: 2018 | E3: 2019 | F3: 2020 | G3: 2021 | H3: 2022
D4: £000s | E4: £000s | F4: £000s | G4: £000s | H4: £000s
C5: Sales revenue ( 80% credit, 20% cash) | D5: 235000 | E5: 240000 | F5: 245000 | G5: 250000 | H5: 300000
C6: Cost of sales | D6: 155100 | E6: 156000 | F6: 165000 | G6: 175000 | H6: 204000
C7: Gross profit | D7: =D5-D6 -> 79900 | E7: =E5-E6 -> 84000 | F7: =F5-F6 -> 80000 | G7: =G5-G6 -> 75000 | H7: =H5-H6 -> 96000
C8: Operating costs | D8: 37500 | E8: 39000 | F8: 40000 | G8: 38500 | H8: 67450
C9: Operating profit | D9: =D7-D8 -> 42400 | E9: =E7-E8 -> 45000 | F9: =F7-F8 -> 40000 | G9: =G7-G8 -> 36500 | H9: =H7-H8 -> 28550
C10: Other income | D10: 4200 | E10: 3200 | F10: 3100 | G10: 3500 | H10: 3450
C11: Total income | D11: =D9+D10 -> 46600 | E11: =E9+E10 -> 48200 | F11: =F9+F10 -> 43100 | G11: =G9+G10 -> 40000 | H11: =H9+H10 -> 32000
C12: Finance costs | D12: 10000 | E12: 10000 | F12: 10000 | G12: 10000 | H12: 15000
C13: Profit before taxation | D13: =D11-D12 -> 36600 | E13: =E11-E12 -> 38200 | F13: =F11-F12 -> 33100 | G13: =G11-G12 -> 30000 | H13: =H11-H12 -> 17000
C14: Taxation | D14: 6800 | E14: 7200 | F14: 6500 | G14: 6000 | H14: 5000
C15: Profit for year distributable to shareholders | D15: =D13-D14 -> 29800 | E15: =E13-E14 -> 31000 | F15: =F13-F14 -> 26600 | G15: =G13-G14 -> 24000 | H15: =H13-H14 -> 12000
C16: Dividends | D16: 9000 | E16: 10000 | F16: 8000 | G16: 12000 | H16: 0
C17: Retained profit to reserves | D17: =D15-D16 -> 20800 | E17: =E15-E16 -> 21000 | F17: =F15-F16 -> 18600 | G17: =G15-G16 -> 12000 | H17: =H15-H16 -> 12000
C19: Other information:
C20: Average share price for the year | D20: 143 | E20: 141 | F20: 140 | G20: 144 | H20: 162
C21: Number of ordinary shares | D21: 150000 | E21: 150000 | F21: 150000 | G21: 150000 | H21: 150000

Sheet Income statements with % change
A1: Northern Travel plc 5-years income statements with % changes 2018-2022
C2: 2018 | D2: % change | E2: 2019 | F2: % change | G2: 2020 | H2: % change | I2: 2021 | J2: % change | K2: 2022 | L2: Mean average | M2: Mean average % change | N2: 5-year overall % change
C3: £000s | E3: £000s | G3: £000s | I3: £000s | K3: £000s
B4: Sales revenue ( 80% credit, 20% cash) | C4: 235000 | D4: =(E4-C4)/C4*100 -> 2.1276596 | E4: 240000 | F4: =(G4-E4)/E4*100 -> 2.0833333 | G4: 245000 | H4: =(I4-G4)/G4*100 -> 2.0408163 | I4: 250000 | J4: =(K4-I4)/I4*100 -> 20 | K4: 300000
B5: Cost of sales | C5: 155100 | D5: =(E5-C5)/C5*100 -> 0.58027079 | E5: 156000 | F5: =(G5-E5)/E5*100 -> 5.7692308 | G5: 165000 | H5: =(I5-G5)/G5*100 -> 6.0606061 | I5: 175000 | J5: =(K5-I5)/I5*100 -> 16.571429 | K5: 204000
B6: Gross profit | C6: =C4-C5 -> 79900 | D6: =(E6-C6)/C6*100 -> 5.1314143 | E6: =E4-E5 -> 84000 | F6: =(G6-E6)/E6*100 -> -4.7619048 | G6: =G4-G5 -> 80000 | H6: =(I6-G6)/G6*100 -> -6.25 | I6: =I4-I5 -> 75000 | J6: =(K6-I6)/I6*100 -> 28 | K6: =K4-K5 -> 96000
B7: Operating costs | C7: 37500 | D7: =(E7-C7)/C7*100 -> 4 | E7: 39000 | F7: =(G7-E7)/E7*100 -> 2.5641026 | G7: 40000 | H7: =(I7-G7)/G7*100 -> -3.75 | I7: 38500 | J7: =(K7-I7)/I7*100 -> 75.194805 | K7: 67450
B8: Operating profit | C8: =C6-C7 -> 42400 | D8: =(E8-C8)/C8*100 -> 6.1320755 | E8: =E6-E7 -> 45000 | F8: =(G8-E8)/E8*100 -> -11.111111 | G8: =G6-G7 -> 40000 | H8: =(I8-G8)/G8*100 -> -8.75 | I8: =I6-I7 -> 36500 | J8: =(K8-I8)/I8*100 -> -21.780822 | K8: =K6-K7 -> 28550
B9: Other income | C9: 4200 | D9: =(E9-C9)/C9*100 -> -23.809524 | E9: 3200 | F9: =(G9-E9)/E9*100 -> -3.125 | G9: 3100 | H9: =(I9-G9)/G9*100 -> 12.903226 | I9: 3500 | J9: =(K9-I9)/I9*100 -> -1.4285714 | K9: 3450
B10: Total income | C10: =C8+C9 -> 46600 | D10: =(E10-C10)/C10*100 -> 3.4334764 | E10: =E8+E9 -> 48200 | F10: =(G10-E10)/E10*100 -> -10.580913 | G10: =G8+G9 -> 43100 | H10: =(I10-G10)/G10*100 -> -7.1925754 | I10: =I8+I9 -> 40000 | J10: =(K10-I10)/I10*100 -> -20 | K10: =K8+K9 -> 32000
B11: Finance costs | C11: 10000 | D11: =(E11-C11)/C11*100 -> 0 | E11: 10000 | F11: =(G11-E11)/E11*100 -> 0 | G11: 10000 | H11: =(I11-G11)/G11*100 -> 0 | I11: 10000 | J11: =(K11-I11)/I11*100 -> 50 | K11: 15000
B12: Profit before taxation | C12: =C10-C11 -> 36600 | D12: =(E12-C12)/C12*100 -> 4.3715847 | E12: =E10-E11 -> 38200 | F12: =(G12-E12)/E12*100 -> -13.350785 | G12: =G10-G11 -> 33100 | H12: =(I12-G12)/G12*100 -> -9.3655589 | I12: =I10-I11 -> 30000 | J12: =(K12-I12)/I12*100 -> -43.333333 | K12: =K10-K11 -> 17000
B13: Taxation | C13: 6800 | D13: =(E13-C13)/C13*100 -> 5.8823529 | E13: 7200 | F13: =(G13-E13)/E13*100 -> -9.7222222 | G13: 6500 | H13: =(I13-G13)/G13*100 -> -7.6923077 | I13: 6000 | J13: =(K13-I13)/I13*100 -> -16.666667 | K13: 5000
B14: Profit for year distributable to shareholders | C14: =C12-C13 -> 29800 | D14: =(E14-C14)/C14*100 -> 4.0268456 | E14: =E12-E13 -> 31000 | F14: =(G14-E14)/E14*100 -> -14.193548 | G14: =G12-G13 -> 26600 | H14: =(I14-G14)/G14*100 -> -9.7744361 | I14: =I12-I13 -> 24000 | J14: =(K14-I14)/I14*100 -> -50 | K14: =K12-K13 -> 12000
B15: Dividends | C15: 9000 | D15: =(E15-C15)/C15*100 -> 11.111111 | E15: 10000 | F15: =(G15-E15)/E15*100 -> -20 | G15: 8000 | H15: =(I15-G15)/G15*100 -> 50 | I15: 12000 | J15: =(K15-I15)/I15*100 -> -100 | K15: 0
B16: Retained profit to reserves | C16: =C14-C15 -> 20800 | D16: =(E16-C16)/C16*100 -> 0.96153846 | E16: =E14-E15 -> 21000 | F16: =(G16-E16)/E16*100 -> -11.428571 | G16: =G14-G15 -> 18600 | H16: =(I16-G16)/G16*100 -> -35.483871 | I16: =I14-I15 -> 12000 | J16: =(K16-I16)/I16*100 -> 0 | K16: =K14-K15 -> 12000
B18: Other information:
B19: Average share price for the year in pence | C19: 143 | E19: 141 | G19: 140 | I19: 144 | K19: 162

Sheet Balance sheets
B3: Northern Travel plc 5-years balance sheets (statements of financial position) 2018-2022
D5: 2018 | E5: 2019 | F5: 2020 | G5: 2021 | H5: 2022
C6: Non-current assets at carrying value | D6: 511500 | E6: 523900 | F6: 525200 | G6: 528500 | H6: 612727
C7: Current assets:
C8: Cash | D8: 18600 | E8: 18100 | F8: 23000 | G8: 27000 | H8: 3000
C9: Trade receivables | D9: 17400 | E9: 16800 | F9: 18300 | G9: 20000 | H9: 25000
C10: Inventory | D10: 16800 | E10: 16100 | F10: 17100 | G10: 18000 | H10: 32000
C11: Other
C12: Total assets | D12: =SUM(D6:D11) -> 564300 | E12: =SUM(E6:E11) -> 574900 | F12: =SUM(F6:F11) -> 583600 | G12: =SUM(G6:G11) -> 593500 | H12: =SUM(H6:H11) -> 672727
C14: Equity, capital, and reserves: | S14: =S12-S13 -> 0
C15: Non-current borrowings | D15: 133100 | E15: 121000 | F15: 110000 | G15: 100000 | H15: 150000
C16: Ordinary shares | D16: 150000 | E16: 150000 | F16: 150000 | G16: 150000 | H16: 150000
C17: Share premium | D17: 115000 | E17: 115000 | F17: 115000 | G17: 115000 | H17: 115000
C18: Reserves:
C19: Accumulated profit | D19: =E19-'Income statements'!D17 -> 136600 | E19: =F19-'Income statements'!E17 -> 157400 | F19: =G19-'Income statements'!F17 -> 178400 | G19: =H19-'Income statements'!G17 -> 197000 | H19: 209000
C20: Revaluation reserve | D20: 0 | E20: 0 | F20: 0 | G20: 0 | H20: 8727
C21: Total equity | D21: =SUM(D16:D20) -> 401600 | E21: =SUM(E16:E20) -> 422400 | F21: =SUM(F16:F20) -> 443400 | G21: =SUM(G16:G20) -> 462000 | H21: =SUM(H16:H20) -> 482727
C22: Current liabilities:
C23: Trade payables | D23: 29600 | E23: 31500 | F23: 30200 | G23: 31500 | H23: 40000
D25: =D15+D21+D23 -> 564300 | E25: =E15+E21+E23 -> 574900 | F25: =F15+F21+F23 -> 583600 | G25: =G15+G21+G23 -> 593500 | H25: =H15+H21+H23 -> 672727
C27: Capital employed | D27: =D12-D23 -> 534700 | E27: =E12-E23 -> 543400 | F27: =F12-F23 -> 553400 | G27: =G12-G23 -> 562000 | H27: =H12-H23 -> 632727
C28: Total assets less current liabilities

Sheet Balance sheets with % change
A1: Northern Travel plc 5-years balance sheets with % changes 2018-2022
C3: 2018 | D3: % change | E3: 2019 | F3: % change | G3: 2020 | H3: % change | I3: 2021 | J3: % change | K3: 2022 | L3: Mean average | M3: Mean average % change | N3: 5-year overall % change
B4: Non-current assets at carrying value | C4: 511500 | D4: =(E4-C4)/C4*100 -> 2.4242424 | E4: 523900 | F4: =(G4-E4)/E4*100 -> 0.24813896 | G4: 525200 | H4: =(I4-G4)/G4*100 -> 0.62833206 | I4: 528500 | J4: =(K4-I4)/I4*100 -> 15.936991 | K4: 612727
B5: Current assets:
B6: Cash | C6: 18600 | D6: =(E6-C6)/C6*100 -> -2.688172 | E6: 18100 | F6: =(G6-E6)/E6*100 -> 27.071823 | G6: 23000 | H6: =(I6-G6)/G6*100 -> 17.391304 | I6: 27000 | J6: =(K6-I6)/I6*100 -> -88.888889 | K6: 3000
B7: Trade receivables | C7: 17400 | D7: =(E7-C7)/C7*100 -> -3.4482759 | E7: 16800 | F7: =(G7-E7)/E7*100 -> 8.9285714 | G7: 18300 | H7: =(I7-G7)/G7*100 -> 9.2896175 | I7: 20000 | J7: =(K7-I7)/I7*100 -> 25 | K7: 25000
B8: Inventory | C8: 16800 | D8: =(E8-C8)/C8*100 -> -4.1666667 | E8: 16100 | F8: =(G8-E8)/E8*100 -> 6.2111801 | G8: 17100 | H8: =(I8-G8)/G8*100 -> 5.2631579 | I8: 18000 | J8: =(K8-I8)/I8*100 -> 77.777778 | K8: 32000
B9: Other
B10: Total assets | C10: =SUM(C4:C9) -> 564300 | D10: =(E10-C10)/C10*100 -> 1.8784335 | E10: =SUM(E4:E9) -> 574900 | F10: =(G10-E10)/E10*100 -> 1.5133067 | G10: =SUM(G4:G9) -> 583600 | H10: =(I10-G10)/G10*100 -> 1.6963674 | I10: =SUM(I4:I9) -> 593500 | J10: =(K10-I10)/I10*100 -> 13.349115 | K10: =SUM(K4:K9) -> 672727
B12: Equity, capital, and reserves:
B13: Non-current borrowings | C13: 133100 | D13: =(E13-C13)/C13*100 -> -9.0909091 | E13: 121000 | F13: =(G13-E13)/E13*100 -> -9.0909091 | G13: 110000 | H13: =(I13-G13)/G13*100 -> -9.0909091 | I13: 100000 | J13: =(K13-I13)/I13*100 -> 50 | K13: 150000
B14: Ordinary shares | C14: 150000 | D14: =(E14-C14)/C14*100 -> 0 | E14: 150000 | F14: =(G14-E14)/E14*100 -> 0 | G14: 150000 | H14: =(I14-G14)/G14*100 -> 0 | I14: 150000 | J14: =(K14-I14)/I14*100 -> 0 | K14: 150000
B15: Share premium | C15: 115000 | D15: =(E15-C15)/C15*100 -> 0 | E15: 115000 | F15: =(G15-E15)/E15*100 -> 0 | G15: 115000 | H15: =(I15-G15)/G15*100 -> 0 | I15: 115000 | J15: =(K15-I15)/I15*100 -> 0 | K15: 115000
B16: Reserves:
B17: Accumulated profit | C17: 136600 | E17: 157400 | G17: 178400 | H17: =(I17-G17)/G17*100 -> 10.426009 | I17: 197000 | J17: =(K17-I17)/I17*100 -> 6.0913706 | K17: 209000
B18: Revaluation reserve | C18: 0 | E18: 0 | G18: 0 | I18: 0 | K18: 8727
B22: Current liabilities:
B23: Trade payables | C23: 29600 | D23: =(E23-C23)/C23*100 -> 6.4189189 | E23: 31500 | F23: =(G23-E23)/E23*100 -> -4.1269841 | G23: 30200 | H23: =(I23-G23)/G23*100 -> 4.3046358 | I23: 31500 | J23: =(K23-I23)/I23*100 -> 26.984127 | K23: 40000
C25: =SUM(C13:C24) -> 564300 | D25: =(E25-C25)/C25*100 -> 1.8784335 | E25: =SUM(E13:E24) -> 574900 | F25: =(G25-E25)/E25*100 -> 1.5133067 | G25: =SUM(G13:G24) -> 583600 | H25: =(I25-G25)/G25*100 -> 1.6963674 | I25: =SUM(I13:I24) -> 593500 | J25: =(K25-I25)/I25*100 -> 13.349115 | K25: =SUM(K13:K24) -> 672727

Sheet Ratios with % change
A1: Northern Travel plc 5-years ratios with % changes 2018-2022
B3: Ratios | C3: Units | D3: 2018 | E3: % change | F3: 2019 | G3: % change | H3: 2020 | I3: % change | J3: 2021 | K3: % change | L3: 2022 | M3: Mean average | N3: Mean average % change | O3: 5-year overall % change
B5: Profitability:
B6: ROCE | C6: Percent | D6: 7.93 | E6: =(F6-D6)/D6*100 -> 4.4286569 | F6: ='Income statements'!E9/'Balance sheets'!E27*100 -> 8.2811925 | G6: =(H6-F6)/F6*100 -> -12.717343 | H6: ='Income statements'!F9/'Balance sheets'!F27*100 -> 7.2280448 | I6: =(J6-H6)/H6*100 -> -10.146352 | J6: ='Income statements'!G9/'Balance sheets'!G27*100 -> 6.4946619 | K6: =(L6-J6)/J6*100 -> -30.524258 | L6: ='Income statements'!H9/'Balance sheets'!H27*100 -> 4.5122146
B7: Gross profit margin | C7: Percent | D7: ='Income statements'!D7/'Income statements'!D5*100 -> 34 | E7: =(F7-D7)/D7*100 -> 2.9411765 | F7: ='Income statements'!E7/'Income statements'!E5*100 -> 35 | G7: =(H7-F7)/F7*100 -> -6.7055394 | H7: ='Income statements'!F7/'Income statements'!F5*100 -> 32.653061 | I7: =(J7-H7)/H7*100 -> -8.125 | J7: ='Income statements'!G7/'Income statements'!G5*100 -> 30 | K7: =(L7-J7)/J7*100 -> 6.6666667 | L7: ='Income statements'!H7/'Income statements'!H5*100 -> 32
B8: Net profit margin | C8: Percent | D8: ='Income statements'!D9/'Income statements'!D5*100 -> 18.042553 | E8: =(F8-D8)/D8*100 -> 3.9209906 | F8: ='Income statements'!E9/'Income statements'!E5*100 -> 18.75 | G8: =(H8-F8)/F8*100 -> -12.92517 | H8: ='Income statements'!F9/'Income statements'!F5*100 -> 16.326531 | I8: =(J8-H8)/H8*100 -> -10.575 | J8: ='Income statements'!G9/'Income statements'!G5*100 -> 14.6 | K8: =(L8-J8)/J8*100 -> -34.817352 | L8: ='Income statements'!H9/'Income statements'!H5*100 -> 9.5166667
B10: Efficiency:
B11: Non-current asset turnover | C11: £s | D11: ='Income statements'!D5/'Balance sheets'!D6 -> 0.45943304 | E11: =(F11-D11)/D11*100 -> -0.28956314 | F11: ='Income statements'!E5/'Balance sheets'!E6 -> 0.45810269 | G11: =(H11-F11)/F11*100 -> 1.8306518 | H11: ='Income statements'!F5/'Balance sheets'!F6 -> 0.46648896 | I11: =(J11-H11)/H11*100 -> 1.4036646 | J11: ='Income statements'!G5/'Balance sheets'!G6 -> 0.4730369 | K11: =(L11-J11)/J11*100 -> 3.5044971 | L11: ='Income statements'!H5/'Balance sheets'!H6 -> 0.48961446
B12: Inventory days | C12: Days | D12: ='Balance sheets'!D10/'Income statements'!D6*365 -> 39.535783 | E12: =(F12-D12)/D12*100 -> -4.7195513 | F12: ='Balance sheets'!E10/'Income statements'!E6*365 -> 37.669872 | G12: =(H12-F12)/F12*100 -> 0.41784303 | H12: ='Balance sheets'!F10/'Income statements'!F6*365 -> 37.827273 | I12: =(J12-H12)/H12*100 -> -0.7518797 | J12: ='Balance sheets'!G10/'Income statements'!G6*365 -> 37.542857 | K12: =(L12-J12)/J12*100 -> 52.505447 | L12: ='Balance sheets'!H10/'Income statements'!H6*365 -> 57.254902
B14: Liquidity:
B15: Current ratio | C15: Times | D15: =SUM('Balance sheets'!D8:D10)/'Balance sheets'!D23 -> 1.7837838 | E15: =(F15-D15)/D15*100 -> -9.2352092 | F15: =SUM('Balance sheets'!E8:E10)/'Balance sheets'!E23 -> 1.6190476 | G15: =(H15-F15)/F15*100 -> 19.439034 | H15: =SUM('Balance sheets'!F8:F10)/'Balance sheets'!F23 -> 1.9337748 | I15: =(J15-H15)/H15*100 -> 6.70798 | J15: =SUM('Balance sheets'!G8:G10)/'Balance sheets'!G23 -> 2.0634921 | K15: =(L15-J15)/J15*100 -> -27.307692 | L15: =SUM('Balance sheets'!H8:H10)/'Balance sheets'!H23 -> 1.5
B16: Acid test | C16: Times | D16: =(SUM('Balance sheets'!D8:D9)/'Balance sheets'!D23) -> 1.2162162 | E16: =(F16-D16)/D16*100 -> -8.9029982 | F16: =(SUM('Balance sheets'!E8:E9)/'Balance sheets'!E23) -> 1.1079365 | G16: =(H16-F16)/F16*100 -> 23.432133 | H16: =(SUM('Balance sheets'!F8:F9)/'Balance sheets'!F23) -> 1.3675497 | I16: =(J16-H16)/H16*100 -> 9.1048849 | J16: =(SUM('Balance sheets'!G8:G9)/'Balance sheets'!G23) -> 1.4920635 | K16: =(L16-J16)/J16*100 -> -53.085106 | L16: =(SUM('Balance sheets'!H8:H9)/'Balance sheets'!H23) -> 0.7
B17: Cash ratio | C17: Percent | D17: ='Balance sheets'!D8/'Balance sheets'!D23*100 -> 62.837838 | E17: =(F17-D17)/D17*100 -> -8.5577744 | F17: ='Balance sheets'!E8/'Balance sheets'!E23*100 -> 57.460317 | G17: =(H17-F17)/F17*100 -> 32.541802 | H17: ='Balance sheets'!F8/'Balance sheets'!F23*100 -> 76.15894 | I17: =(J17-H17)/H17*100 -> 12.546584 | J17: ='Balance sheets'!G8/'Balance sheets'!G23*100 -> 85.714286 | K17: =(L17-J17)/J17*100 -> -91.25 | L17: ='Balance sheets'!H8/'Balance sheets'!H23*100 -> 7.5
B18: Receivables days | C18: Days | D18: ='Balance sheets'!D9/('Income statements'!D5*0.8)*365 -> 33.781915 | E18: =(F18-D18)/D18*100 -> -5.4597701 | F18: ='Balance sheets'!E9/('Income statements'!E5*0.8)*365 -> 31.9375 | G18: =(H18-F18)/F18*100 -> 6.7055394 | H18: ='Balance sheets'!F9/('Income statements'!F5*0.8)*365 -> 34.079082 | I18: =(J18-H18)/H18*100 -> 7.1038251 | J18: ='Balance sheets'!G9/('Income statements'!G5*0.8)*365 -> 36.5 | K18: =(L18-J18)/J18*100 -> 4.1666667 | L18: ='Balance sheets'!H9/('Income statements'!H5*0.8)*365 -> 38.020833
B19: Payables days | C19: Days | D19: ='Balance sheets'!D23/'Income statements'!D6*365 -> 69.658285 | E19: =(F19-D19)/D19*100 -> 5.8049636 | F19: ='Balance sheets'!E23/'Income statements'!E6*365 -> 73.701923 | G19: =(H19-F19)/F19*100 -> -9.3564214 | H19: ='Balance sheets'!F23/'Income statements'!F6*365 -> 66.806061 | I19: =(J19-H19)/H19*100 -> -1.6556291 | J19: ='Balance sheets'!G23/'Income statements'!G6*365 -> 65.7 | K19: =(L19-J19)/J19*100 -> 8.9324619 | L19: ='Balance sheets'!H23/'Income statements'!H6*365 -> 71.568627
B20: Working capital cycle days | C20: Days | D20: =(D12+D18)-D19 -> 3.6594133 | E20: =(F20-D20)/D20*100 -> -211.89092 | F20: =(F12+F18)-F19 -> -4.0945513 | G20: =(H20-F20)/F20*100 -> -224.56295 | H20: =(H12+H18)-H19 -> 5.1002938 | I20: =(J20-H20)/H20*100 -> 63.576012 | J20: =(J12+J18)-J19 -> 8.3428571 | K20: =(L20-J20)/J20*100 -> 184.16054 | L20: =(L12+L18)-L19 -> 23.707108
B22: Gearing:
B23: Debt to equity | C23: Percent | D23: ='Balance sheets'!D15/'Balance sheets'!D21*100 -> 33.14243 | E23: =(F23-D23)/D23*100 -> -13.567493 | F23: ='Balance sheets'!E15/'Balance sheets'!E21*100 -> 28.645833 | G23: =(H23-F23)/F23*100 -> -13.396482 | H23: ='Balance sheets'!F15/'Balance sheets'!F21*100 -> 24.8083 | I23: =(J23-H23)/H23*100 -> -12.750885 | J23: ='Balance sheets'!G15/'Balance sheets'!G21*100 -> 21.645022 | K23: =(L23-J23)/J23*100 -> 43.559403 | L23: ='Balance sheets'!H15/'Balance sheets'!H21*100 -> 31.073464
B24: Debt to capital | C24: Percent | D24: ='Balance sheets'!D15/'Balance sheets'!D27*100 -> 24.892463 | E24: =(F24-D24)/D24*100 -> -10.546391 | F24: ='Balance sheets'!E15/'Balance sheets'!E27*100 -> 22.267206 | G24: =(H24-F24)/F24*100 -> -10.733647 | H24: ='Balance sheets'!F15/'Balance sheets'!F27*100 -> 19.877123 | I24: =(J24-H24)/H24*100 -> -10.482045 | J24: ='Balance sheets'!G15/'Balance sheets'!G27*100 -> 17.793594 | K24: =(L24-J24)/J24*100 -> 33.232816 | L24: ='Balance sheets'!H15/'Balance sheets'!H27*100 -> 23.706907
B25: Interest cover | C25: Times | D25: =('Income statements'!D13+'Income statements'!D12)/'Income statements'!D12 -> 4.66 | E25: =(F25-D25)/D25*100 -> 3.4334764 | F25: =('Income statements'!E13+'Income statements'!E12)/'Income statements'!E12 -> 4.82 | G25: =(H25-F25)/F25*100 -> -10.580913 | H25: =('Income statements'!F13+'Income statements'!F12)/'Income statements'!F12 -> 4.31 | I25: =(J25-H25)/H25*100 -> -7.1925754 | J25: =('Income statements'!G13+'Income statements'!G12)/'Income statements'!G12 -> 4 | K25: =(L25-J25)/J25*100 -> -46.666667 | L25: =('Income statements'!H13+'Income statements'!H12)/'Income statements'!H12 -> 2.1333333
B27: Investment:
B28: Earnings per share (EPS) | C28: £s | D28: ='Income statements'!D15/'Ratios with % change'!D33 -> 0.19866667 | E28: =(F28-D28)/D28*100 -> 4.0268456 | F28: ='Income statements'!E15/'Ratios with % change'!F33 -> 0.20666667 | G28: =(H28-F28)/F28*100 -> -14.193548 | H28: ='Income statements'!F15/'Ratios with % change'!H33 -> 0.17733333 | I28: =(J28-H28)/H28*100 -> -9.7744361 | J28: ='Income statements'!G15/'Ratios with % change'!J33 -> 0.16 | K28: =(L28-J28)/J28*100 -> -50 | L28: ='Income statements'!H15/'Ratios with % change'!L33 -> 0.08
B29: Price/Earnings ratio (P/E) | C29: Times | D29: ='Income statements'!D20/'Ratios with % change'!D28 -> 719.79866 | E29: =(F29-D29)/D29*100 -> -5.2154297 | F29: ='Income statements'!E20/'Ratios with % change'!F28 -> 682.25806 | G29: =(H29-F29)/F29*100 -> 15.714819 | H29: ='Income statements'!F20/'Ratios with % change'!H28 -> 789.47368 | I29: =(J29-H29)/H29*100 -> 14 | J29: ='Income statements'!G20/'Ratios with % change'!J28 -> 900 | K29: =(L29-J29)/J29*100 -> 125 | L29: ='Income statements'!H20/'Ratios with % change'!L28 -> 2025
B30: Divdends per share (DPS) | C30: £s | D30: ='Income statements'!D16/'Ratios with % change'!F33 -> 0.06 | E30: =(F30-D30)/D30*100 -> 11.111111 | F30: ='Income statements'!E16/'Ratios with % change'!H33 -> 0.066666667 | G30: =(H30-F30)/F30*100 -> -20 | H30: ='Income statements'!F16/'Ratios with % change'!J33 -> 0.053333333 | I30: =(J30-H30)/H30*100 -> 50 | J30: ='Income statements'!G16/'Ratios with % change'!L33 -> 0.08 | K30: =(L30-J30)/J30*100 -> -100 | L30: 0
B31: Dividend payout ratio | C31: Percent | D31: ='Income statements'!D16/'Income statements'!D15*100 -> 30.201342 | E31: =(F31-D31)/D31*100 -> 6.8100358 | F31: ='Income statements'!E16/'Income statements'!E15*100 -> 32.258065 | G31: =(H31-F31)/F31*100 -> -6.7669173 | H31: ='Income statements'!F16/'Income statements'!F15*100 -> 30.075188 | I31: =(J31-H31)/H31*100 -> 66.25 | J31: ='Income statements'!G16/'Income statements'!G15*100 -> 50 | K31: =(L31-J31)/J31*100 -> -100 | L31: 0
B33: Number of ordinary shares | D33: 150000 | F33: 150000 | H33: 150000 | J33: 150000 | L33: 150000

Sheet Sheet2
